AoeStats
← [Telo]~Mister Chelo the murderer

Pilgrims

516632241Analyzed
3v3 RM · 11d ago on Oct 27, 2026· 20m 39s· 6 players
Game mode
Random Map
Map size
Normal (6 player)
Population
200
Speed
Normal
Resources
Standard
Victory
Conquest
Starting age
Dark Age
Ending age
Imperial Age
RankedLock teamsTeams togetherTeam positionsShared explorationLock speedFull tech treeHidden civsTurbo modeCheats
Victory
Defeat
1237
+12
1194
+14
1184
+14
vs
🇲🇽 Byzantines · Mexico
1299
-19
🇮🇹 Mongols · Italy
1169
-14
🇨🇴 Franks · Colombia
962
-7
012345
4:21 Loom
12:26 Feudal Age
13:59 Double-Bit Axe
19:27 Castle Age
Voyparaalla
11:10 Feudal Age
12:29 Double-Bit Axe
17:05 Scale Barding Armor
21:22 Castle Age
21:14 Scale Barding Armor
21:20 Forging
PosingBaton
12:17 Feudal Age
11:56 Loom
21:10 Castle Age
[Telo]~Mister Chelo the murderer
5:13 Loom
10:15 Feudal Age
16:50 Castle Age
15:43 Double-Bit Axe
17:53 Medium Warships
[Telo] ~ The Highest Threat
2:19 Loom
6:42 Loom
11:22 Feudal Age
12:25 Double-Bit Axe
13:26 Town Watch
14:53 Fishing Lines
18:26 Castle Age
19:57 Wheelbarrow
[Telo] ~ XuPaL0 TeL0
3:54 Loom
10:28 Feudal Age
12:15 Town Watch
15:42 Castle Age
16:46 Scale Barding Armor
16:52 Forging
17:02 Medium Warships
18:15 Bloodlines
20:08 Wheelbarrow
20:53 Husbandry
Connection lost

Rejoining the realm…

Still unreachable

The connection could not be restored.

Session expired

The server has moved on; the page needs a fresh start.